 Dungeon Crawl Stone Soup version 0.31.0-1-g2c135a008e (webtiles) character file.

Game seed: 14471603544504380583

3217 qw the Skirmisher (level 10, -5/75 HPs)
             Began as a Djinni Hunter on Jan 23, 2024.
             Slain by a two-headed ogre
             ... wielding a +0 giant club
              (7 damage)
             ... on level 7 of the Dungeon.
             The game lasted 00:00:40 (6213 turns).

qw the Skirmisher (Djinni Hunter)                   Turns: 6213, Time: 00:00:41

Health: -5/75      AC: 12    Str: 10    XL:     10   Next: 17%
Gold:   199        EV: 16    Int: 12    God:
                   SH:  0    Dex: 20

rFire   + + .        a - +0 shortbow (elec)
rCold   . . .        (shield currently unavailable)
rNeg    + + .        g - +3 leather armour {rC+}
rPois   inf          b - +0 hat of the Mackerel {rN++ MP+9}
rElec   .            k - +0 cloak
rCorr   .            q - +0 pair of gloves
SInv    .            (boots unavailable)
Will    +....        l - amulet of the acrobat
Stlth   ++           r - +4 ring of slaying {mikee}
HPRegen 0.32/turn    j - +4 ring of protection
MPRegen 0.00/turn

%: acrobat, infuse magic (-6 HP)
@: about to teleport, flying
A: sickness immunity, fire resistance 2, cold vulnerability 1, float, innate
caster, HP casting, extra vitality 1
a: no special abilities


You were on level 7 of the Dungeon.
You visited 2 branches of the dungeon, and saw 9 of its levels.
You also visited: Sewer.

You collected 407 gold pieces.
You spent 208 gold pieces at shops.


Innate Abilities, Weirdness & Mutations

You are immune to sickness and miasma.
You are immune to poison.
Your flesh is very heat resistant. (rF++)
You are vulnerable to cold. (rC-)
You float through the air rather than walking.
You learn spells naturally, not from books.
Your magical power is your life essence.
You have superior vitality. (+4 MHP)


   Skills:
 - Level 7.0 Fighting
 + Level 9.1 Ranged Weapons
 - Level 2.0 Armour
 - Level 7.0 Dodging
 - Level 0.7 Stealth


You knew the following spells:

 Your Spells              Type           Power      Damage    Failure   Level
a - Summon Small Mammal   Summ           0%         N/A       41%         1
b - Static Discharge      Conj/Air       0%         3-3/arc   54%         2
c - Gell's Gravitas       Tloc           0%         N/A       78%         3
d - Olgreb's Toxic Radia  Alch           0%         N/A       99%         4
Your spell library was empty.

Inventory:

Hand Weapons
 a - a +0 shortbow of electrocution (weapon)
Armour
 b - the +0 hat of the Mackerel (worn) {rN++ MP+9}
   (You acquired it on level 6 of the Dungeon)

   rN++:      It greatly protects you from negative energy.
   MP+9:      It affects your magic capacity (+9).
 g - a +3 leather armour of cold resistance (worn)
 k - a +0 cloak (worn)
 q - a +0 pair of gloves (worn)
Jewellery
 j - a +4 ring of protection (right hand)
 l - an amulet of the acrobat (around neck)
 r - a +4 ring of slaying (left hand) {mikee}
Wands
 h - a wand of paralysis (15)
 o - a wand of polymorph (11)
Scrolls
 c - 4 scrolls of teleportation
 e - a scroll of identify
Potions
 d - 7 potions of enlightenment
 f - 2 potions of heal wounds
 i - 5 potions of curing
 m - 2 potions of cancellation
 n - 2 potions of haste

Dungeon Overview and Level Annotations

Branches:
Dungeon (8/15)             Temple (1/1) D:7           Sewer (visited)
   Lair: D:8-11

Altars:
Ashenzari
Cheibriados
Dithmenos
Elyvilon
Fedhas
Gozag
Makhleb
Nemelex Xobeh
Trog
Wu Jian
Yredelemnul
Zin
The Shining One

Shops:
D:2 (   D:4 :   D:6 !

Annotations:
D:8 Erica


Message History

The yak closely misses you.
The two-headed ogre completely misses you.
The two-headed ogre hits you with a +0 giant club!
You fly upwards.
There is a stone staircase leading down here.
Enter note:
Enter note: You shoot an arrow.
The arrow hits the two-headed ogre!
Lightning courses through the two-headed ogre!
The two-headed ogre is heavily wounded.
The yak completely misses you.
You shoot an arrow. The arrow hits the two-headed ogre.
The two-headed ogre is heavily wounded.
The two-headed ogre hits you with a +0 giant club!!
The two-headed ogre hits you but does no damage.
The yak misses you.
You shoot an arrow. The arrow hits the two-headed ogre.
The two-headed ogre is severely wounded.
The yak gores you but does no damage. The two-headed ogre misses you. x2
You shoot an arrow.
The arrow barely misses the two-headed ogre.
The yak barely misses you.
You shoot an arrow. The arrow hits the two-headed ogre.
The two-headed ogre is severely wounded.
The two-headed ogre misses you. The two-headed ogre barely misses you.
The yak gores you!
You shoot an arrow. The arrow hits the two-headed ogre.
The two-headed ogre is severely wounded.
The yak gores you but does no damage.
The two-headed ogre hits you with a +0 giant club!
The two-headed ogre barely misses you.
6212 ||| READING 5 scrolls of teleportation.
As you read the scroll of teleportation, it crumbles to dust.
You feel strangely unstable. The yak gores you.
6213 ||| DRINKING 3 potions of heal wounds.
You feel much better.
The two-headed ogre hits you with a +0 giant club!!
The two-headed ogre hits you with a +0 giant club!
You die...

#.######## #.# #.#.
#........# #.# #...
########.# #.# #### #.#
#.# ##### #.# #.######
#.... #.# #......# #.###
#.# #.####.# #.# # #.#
#O# #.# #.### #.# #@#
#.#######....
#.#####Y####.!..........
#....................<..
####################....
#####


You could see a two-headed ogre and a yak.

Vanquished Creatures
  2 water moccasins
  A black bear (D:6)
  2 crocodiles (Sewer)
  An ice beast (D:6)
  An ogre (D:6)
  2 sky beasts (D:7)
  3 phantoms
  A centaur (D:7)
  3 bullfrogs
  A gnoll sergeant (D:7)
  4 scorpions
  8 wights (D:6)
  3 killer bees (D:7)
  5 howler monkeys
  A jelly (D:5)
  5 hounds
  2 bombardier beetles (D:5)
  6 iguanas
  An orc priest (D:5)
  3 orc wizards
  A sleepcap (D:4)
  Ijyb (D:3)
  A sickly merfolk siren (Sewer)
  A malarious merfolk avatar (Sewer)
  4 gnolls (D:7)
  11 adders
  A shadow imp (D:6)
  A white imp (D:6)
  2 ufetubi (D:6)
  4 dart slugs
  2 ribbon worms
  21 orcs
  A bat (D:1)
  An endoplasm (D:2)
  4 giant cockroaches
  6 goblins
  3 hobgoblins
  7 quokkas
  14 ball pythons
  16 frilled lizards
  6 kobolds
  32 rats
195 creatures vanquished.

Notes
Turn   | Place    | Note
-------+----------+-------------------------------------------
     0 | D:1      | qw the Djinni Hunter began the quest for the Orb.
     0 | D:1      | Reached XP level 1. HP: 18/18 MP: 0/0
     0 | D:1      | 0 ||| qw: Version: 0.3-a-135-gb77e89d
     0 | D:1      | 0 ||| qw: Game counter: 847
     0 | D:1      | 0 ||| qw: Melee chars always use a shield: true
     0 | D:1      | 0 ||| qw: God list: Okawaru
     0 | D:1      | 0 ||| qw: Allow faded altars: false
     0 | D:1      | 0 ||| qw: Do Orc after clearing Dungeon:15 true
     0 | D:1      | 0 ||| qw: Do second Lair branch before Depths: true
     0 | D:1      | 0 ||| qw: Lair rune preference: random
     0 | D:1      | 0 ||| qw: Goals: Normal
     0 | D:1      | 0 ||| PLANNING D:1-11
   150 | D:1      | Reached XP level 2. HP: 23/23 MP: 0/0
   398 | D:1      | Found a faded altar of an unknown god.
   634 | D:1      | 634 ||| UPGRADING to +0 ring mail.
   644 | D:1      | 644 ||| DROPPING +0 leather armour.
   645 | D:1      | 645 ||| READING scroll labelled YZIMEP BOXZOXO.
   746 | D:1      | 746 ||| READING scroll labelled JUVVE SINERIOX.
   747 | D:1      | 747 ||| READING scroll labelled FIXABI JUCREKE.
   751 | D:1      | 751 ||| READING scroll labelled ECLESE LUCS.
   751 | D:1      | 751 ||| IDENTIFYING 3 bubbling emerald potions
   752 | D:1      | 752 ||| DROPPING scroll of butterflies.
   825 | D:2      | Reached XP level 3. HP: 20/28 MP: 0/0
   825 | D:2      | Learned a level 1 spell: Summon Small Mammal
   875 | D:2      | Reached skill level 4 in Ranged Weapons
   984 | D:2      | Found Vizxa's Weapon Boutique.
   987 | D:2      | 987 ||| FLEEEEING.
   988 | D:2      | 988 ||| FLEEEEING.
   989 | D:2      | 989 ||| FLEEEEING.
  1024 | D:2      | Reached skill level 1 in Armour
  1204 | D:2      | Reached XP level 4. HP: 34/34 MP: 0/0
  1368 | D:2      | 1368 ||| UPGRADING to ring of positive energy.
  1369 | D:2      | 1369 ||| READING scroll labelled GAENTADAAL.
  1370 | D:2      | 1370 ||| READING scroll labelled MAXEL QA GONT.
  1370 | D:2      | 1370 ||| BRANDING +0 shortbow.
  1496 | D:3      | Found a broken altar of Ashenzari.
  1619 | D:3      | Noticed Ijyb
  1621 | D:3      | Paralysed by Ijyb for 4 turns
  1630 | D:3      | Killed Ijyb
  1631 | D:3      | Reached skill level 3 in Fighting
  2103 | D:3      | 2103 ||| UPGRADING to +3 leather armour of cold resistance.
  2113 | D:3      | 2113 ||| DROPPING +0 ring mail.
  2114 | D:3      | 2114 ||| UPGRADING to +4 ring of protection.
  2115 | D:3      | 2115 ||| READING scroll of identify.
  2115 | D:3      | 2115 ||| IDENTIFYING metallic orange potion
  2116 | D:3      | 2116 ||| READING scroll labelled HUTO WUPPOSOSO.
  2117 | D:3      | 2117 ||| READING scroll labelled XICRAF ATOFY.
  2118 | D:3      | 2118 ||| DRINKING 3 silvery potions.
  2175 | D:4      | 2175 ||| DRINKING potion of curing.
  2175 | D:4      | 2175 ||| (to cure confusion)
  2178 | D:4      | 2178 ||| RETREEEEATING.
  2183 | D:4      | Reached XP level 5. HP: 40/40 MP: 0/0
  2183 | D:4      | Learned a level 2 spell: Static Discharge
  2184 | D:4      | Reached skill level 3 in Dodging
  2274 | D:4      | Noticed a phantom
  2275 | D:4      | 2275 ||| ZAPPING wand of paralysis (9) at -7,-6 (phantom;
                  | floor).
  2300 | D:4      | Killed a phantom
  2301 | D:4      | Reached skill level 5 in Ranged Weapons
  2301 | D:4      | Reached XP level 6. HP: 45/46 MP: 0/0
  2367 | D:4      | Found Kofoulue's Book Boutique.
  2501 | D:4      | Reached XP level 7. HP: 52/52 MP: 0/0
  2501 | D:4      | Learned a level 3 spell: Gell's Gravitas
  2571 | D:4      | Found an ornate altar of the Wu Jian Council.
  2980 | D:4      | 2980 ||| UPGRADING to +0 cloak.
  2985 | D:4      | 2985 ||| READING scroll labelled ECUADATTEG.
  3064 | D:4      | 3064 ||| DRINKING 2 fizzy grey potions.
  3168 | D:4      | 3168 ||| DROPPING potion of berserk rage.
  3188 | D:5      | Entered Level 5 of the Dungeon
  3262 | D:5      | Reached skill level 6 in Ranged Weapons
  3373 | D:5      | Noticed a water moccasin
  3374 | D:5      | 3374 ||| RETREEEEATING.
  3376 | D:5      | 3376 ||| RETREEEEATING.
  3378 | D:5      | 3378 ||| RETREEEEATING.
  3383 | D:5      | 3383 ||| ZAPPING wand of mindburst (8) at 0,1 (water
                  | moccasin; floor).
  3384 | D:5      | 3384 ||| ZAPPING wand of mindburst (7) at 0,1 (water
                  | moccasin; floor).
  3385 | D:5      | 3385 ||| ZAPPING wand of mindburst (6) at 0,1 (water
                  | moccasin; floor).
  3386 | D:5      | 3386 ||| ZAPPING wand of mindburst (5) at 0,1 (water
                  | moccasin; floor).
  3387 | D:5      | 3387 ||| ZAPPING wand of mindburst (4) at 0,1 (water
                  | moccasin; floor).
  3388 | D:5      | 3388 ||| ZAPPING wand of mindburst (3) at 0,1 (water
                  | moccasin; floor).
  3389 | D:5      | 3389 ||| ZAPPING wand of mindburst (2) at 0,1 (water
                  | moccasin; floor).
  3389 | D:5      | Killed a water moccasin
  3390 | D:5      | Reached XP level 8. HP: 58/58 MP: 0/0
  3541 | D:5      | Reached skill level 7 in Ranged Weapons
  3810 | D:5      | 3810 ||| DRINKING 2 fizzy clear potions.
  3811 | D:5      | 3811 ||| DROPPING potion of attraction.
  3837 | D:6      | 3837 ||| PLANNING SEWER
  3908 | D:6      | Found a glowing drain.
  3914 | D:6      | 3914 ||| READING scroll labelled FOEL MILY FYMO.
  3939 | Sewer    | Entered a sewer
  4394 | Sewer    | 4394 ||| READING 2 scrolls of identify.
  4394 | Sewer    | 4394 ||| IDENTIFYING inky potion
  4395 | Sewer    | 4395 ||| READING scroll of identify.
  4395 | Sewer    | 4395 ||| IDENTIFYING white potion
  4432 | D:6      | 4432 ||| PLANNING D:1-11
  4525 | D:6      | Reached XP level 9. HP: 64/65 MP: 0/0
  4525 | D:6      | Learned a level 4 spell: Olgreb's Toxic Radiance
  4618 | D:6      | Reached skill level 8 in Ranged Weapons
  4624 | D:6      | Reached skill level 6 in Dodging
  4789 | D:6      | 4789 ||| RETREEEEATING.
  4801 | D:6      | Reached skill level 6 in Fighting
  4942 | D:6      | 4942 ||| ZAPPING wand of mindburst (1) at 3,1 (black bear;
                  | floor).
  4960 | D:6      | Found Nubonet's Distillery.
  4966 | D:6      | 4966 ||| BUYING potion of cancellation (104 gold).
  4966 | D:6      | Bought a potion of cancellation for 104 gold pieces
  4966 | D:6      | 4966 ||| BUYING potion of curing (39 gold).
  4966 | D:6      | Bought a potion of curing for 39 gold pieces
  4966 | D:6      | 4966 ||| BUYING potion of heal wounds (65 gold).
  4966 | D:6      | Bought a potion of heal wounds for 65 gold pieces
  4966 | D:6      | 4966 ||| SHOPLISTING potion of mutation (104 gold, have
                  | 75).
  4966 | D:6      | 4966 ||| SHOPLISTING potion of resistance (130 gold, have
                  | 75).
  5269 | D:6      | 5269 ||| UPGRADING to +0 pair of gloves.
  5274 | D:6      | 5274 ||| UPGRADING to amulet of the acrobat.
  5279 | D:6      | 5279 ||| DROPPING ring of wizardry.
  5280 | D:6      | 5280 ||| READING scroll of identify.
  5280 | D:6      | 5280 ||| IDENTIFYING metallic clear potion
  5281 | D:6      | 5281 ||| READING scroll labelled INUTHR CIFI.
  5382 | D:6      | 5382 ||| READING scroll labelled USIOXYSCHUI.
  5382 | D:6      | Identified a scroll of acquirement
  5382 | D:6      | 5382 ||| ACQUIRING +0 hat of the Mackerel {rN++ MP+9}
  5382 | D:6      | Acquired the +0 hat of the Mackerel {rN++ MP+9}
  5384 | D:6      | 5384 ||| UPGRADING to +0 hat of the Mackerel {rN++ MP+9}.
  5389 | D:6      | 5389 ||| DROPPING potion of lignification.
  5493 | D:7      | 5493 ||| RETREEEEATING.
  5496 | D:7      | 5496 ||| RETREEEEATING.
  5497 | D:7      | 5497 ||| RETREEEEATING.
  5508 | D:7      | Reached skill level 9 in Ranged Weapons
  5579 | D:7      | Found a staircase to the Ecumenical Temple.
  5580 | D:7      | 5580 ||| PLANNING TEMPLE
  5580 | D:7      | 5580 ||| UPGRADING to +4 ring of slaying {mikee}.
  5582 | D:7      | 5582 ||| DROPPING ring of positive energy.
  5583 | D:7      | 5583 ||| READING scroll of identify.
  5583 | D:7      | 5583 ||| IDENTIFYING ruby potion
  5584 | D:7      | 5584 ||| DROPPING potion of magic.
  5595 | D:7      | Reached XP level 10. HP: 72/72 MP: 0/0
  5598 | Temple   | Entered the Ecumenical Temple
  5599 | Temple   | 5599 ||| PLANNING D:1-11
  6171 | D:8      | 6171 ||| STAIRDANCE
  6171 | D:8      | Noticed Erica
  6178 | D:8      | 6178 ||| STAIRDANCE
  6178 | D:8      | Noticed a two-headed ogre
  6204 | D:8      | 6204 ||| STAIRDANCE
  6211 | D:7      | HP: 8/75 [two-headed ogre/+0 giant club (15)]
  6212 | D:7      | 6212 ||| READING 5 scrolls of teleportation.
  6213 | D:7      | 6213 ||| DRINKING 3 potions of heal wounds.
  6213 | D:7      | HP: 2/75 [two-headed ogre/+0 giant club (24)]
  6213 | D:7      | Slain by a two-headed ogre

Levels and vault maps discovered:
D:1:      roderic_chinese_lattice_arrival, layout_basic,
          shapermc_ecumenical_altar_notcrosses, chequers_serial_rivers_micro_c
D:2:      layout_loops_ring, serial_shops, shop
D:3:      layout_loops_ring, marbit_many_paths, corexii_leaking_fountain,
          uniq_ijyb
D:4:      layout_basic, nzn_wu_jian_contemplation, serial_shops, shop
D:5:      layout_loops_ring
D:6:      minmay_bubble_buster, layout_loops_cross,
          mainiacjoe_sewer_entry_somewhere_in_here_1, serial_shops, shop
D:7:      layout_loops_ring, minmay_temple_entry_large_hall
D:8:      layout_cave_pools, okawaru_altar_gauntlet_db,
          nicolae_qazlal_general_emergency, uniq_erica, uniq_jeremiah
Temple:   nicolae_temple_ecumenical_triangle

Skill      XL: |  1  2  3  4  5  6  7  8  9 10 |
---------------+-------------------------------+-----
Ranged Weapons | 4 5 6 7 9 |  9.1
Armour         | 1 2 |  2.0
Fighting       | 3 4 5 6 7 |  7.0
Dodging        | 3 4 5 6 7 |  7.0
Stealth        | |  0.7

Action                     |  1- 3 |  4- 6 |  7- 9 | 10-12 || total
---------------------------+-------+-------+-------+-------++-------
   Fire: Shortbow          |    73 |   117 |   367 |    59 ||   616
  Evoke: Wand              |       |     1 |     8 |       ||     9
    Use: Scroll            |     4 |     5 |     8 |     1 ||    18
         Potion            |       |     2 |     2 |     1 ||     5
 Armour: Leather armour    |     1 |    37 |   110 |    17 ||   165
         Ring mail         |    11 |     3 |       |       ||    14
  Dodge: Dodged            |    12 |    25 |   142 |    29 ||   208

Table legend:
 A = Non-vault XP
 B = Vault XP
 C = Vault XP percentage of total XP
 D = Non-vault monster count
 E = Vault monster count
 F = Vault count percentage of total count
                 A         B        C        D         E       F
            +---------+---------+-------+---------+---------+-------
      Total |    3615 |     982 |  21.4 |     133 |      62 |  31.8
            +---------+---------+-------+---------+---------+-------
        D:1 |      23 |       0 |   0.0 |      13 |       0 |   0.0
        D:2 |      54 |       0 |   0.0 |      18 |       0 |   0.0
        D:3 |      21 |      37 |  63.8 |      13 |       2 |  13.3
        D:4 |     427 |       0 |   0.0 |      21 |       0 |   0.0
        D:5 |     778 |       0 |   0.0 |      17 |       0 |   0.0
        D:6 |    1178 |     579 |  33.0 |      19 |      14 |  42.4
        D:7 |    1095 |       0 |   0.0 |      29 |       0 |   0.0
        D:8 |      39 |       0 |   0.0 |       3 |       0 |   0.0
      Sewer |       0 |     366 | 100.0 |       0 |      46 | 100.0
            +---------+---------+-------+---------+---------+-------
